 Dungeon Crawl Stone Soup version 0.21.0-3-g78d12a8 (webtiles) character file.

190 Monsterracer the Chopper (level 5, -1/46 HPs)
             Began as a Hill Orc Abyssal Knight on Jan 9, 2018.
             Was a Believer of Lugonu.
             Succumbed to Ijyb's poison
             ... on level 3 of the Dungeon.
             The game lasted 00:05:52 (2306 turns).

Monsterracer the Chopper (Hill Orc Abyssal Knight)  Turns: 2306, Time: 00:05:52

Health: -1/46      AC:  0    Str: 16    XL:     5   Next: 69%
Magic:  7/7        EV: 13    Int: 12    God:    Lugonu [**....]
Gold:   169        SH:  0    Dex: 10    Spells: 4/4 levels left

rFire    . . .     SeeInvis .   (weapon currently unavailable)
rCold    . . .     Gourm    .   (shield currently unavailable)
rNeg     . . .     Faith    .   (armour currently unavailable)
rPois    .         Spirit   .   (helmet currently unavailable)
rElec    .         Reflect  .   (cloak currently unavailable)
rCorr    .         Harm     .   (gloves currently unavailable)
MR       .....                  (boots currently unavailable)
Stlth    +.........             (no amulet)
HPRegen  0.15/turn              (ring currently unavailable)
MPRegen  0.10/turn              (ring currently unavailable)

@: lethally poisoned (-1 -> -38), pig-form, very quick
A: small
a: Depart the Abyss, Bend Space, Renounce Religion


You were on level 3 of the Dungeon.
You worshipped Lugonu.
Lugonu was pleased with you.
You were hungry.
You were a filthy swine.
You visited 1 branch of the dungeon, and saw 3 of its levels.
You visited the Abyss 1 time.

You collected 169 gold pieces.

Inventory:

Hand Weapons
 a - a +0 war axe (melded)
Missiles
 d - 2 throwing nets (quivered)
Armour
 k - a +0 scale mail (melded)
Scrolls
 b - a scroll of blinking {unknown}
 g - 3 scrolls of identify {unknown}
 h - a scroll of remove curse {unknown}
 l - a scroll of fear {unknown}
 n - a scroll of teleportation {unknown}
Comestibles
 c - 5 rations
 m - a chunk of flesh


   Skills:
 + Level 4.0 Fighting
 * Level 6.7 Axes
 + Level 2.7 Armour
 - Level 0.7 Dodging
 + Level 3.1 Invocations


You had 4 spell levels left.
You didn't know any spells.

Dungeon Overview and Level Annotations

Branches:
Dungeon (3/15)

Altars:
Trog

Annotations:
D:3 Ijyb


Message History

You barely miss the orc. You closely miss the orc.
The orc hits you but does no damage.
You hit the orc.
The orc is heavily wounded.
You cannot move.
You cannot move.
You hit the orc.
The orc is severely wounded.
The orc hits you but does no damage.
You hit the orc.
You kill the orc!
Lugonu accepts your kill.
You hit the orc. You hit the orc.
The orc is severely wounded.
You slash the orc!
You kill the orc!
Lugonu accepts your kill. The orc hits you but does no damage.
You slash the orc!
You kill the orc!
Lugonu accepts your kill. Ijyb hits you but does no damage.
You are poisoned.
You slash Ijyb!
Ijyb is moderately wounded.
You feel less wooden.
Your +0 scale mail unmelds from your body.
You feel sick. Ijyb hits you with a dagger of venom.
* * * LOW HITPOINT WARNING * * *
You are more poisoned.
You now have 15/46 hp.
It was a potion of curing.
You feel better.
Ijyb zaps a wand.
You resist with some effort.
It is a wand of polymorph (9).
You regained 10 hp, and now have 25/46 hp.
You closely miss Ijyb.
Ijyb is moderately wounded.
Ijyb closely misses you.
You slash Ijyb!
Ijyb is severely wounded.
Ijyb hits you but does no damage.
You are poisoned.
You barely miss Ijyb.
Ijyb is severely wounded.
You feel sick. Ijyb hits you with a dagger of venom.
* * * LOW HITPOINT WARNING * * *
You are more poisoned.
You take 4 damage, and have 22/46 hp.
You closely miss Ijyb.
Ijyb is severely wounded.
You feel sick.
Ijyb zaps a wand.
You resist with some effort. Ijyb hits you but does no damage.
You are lethally poisoned!
You take 2 damage, and have 20/46 hp.
You hit Ijyb but do no damage.
Ijyb is severely wounded.
* * * LOW HITPOINT WARNING * * *
You feel sick. Ijyb hits you but does no damage.
You take 2 damage, and have 18/46 hp.
Your scale mail prevents you from hitting Ijyb.
Ijyb is severely wounded.
* * * LOW HITPOINT WARNING * * *
You feel sick.
Ijyb screams, "You nasty!
Big nasty!"
Ijyb hits you but does no damage.
You are more poisoned.
You take 2 damage, and have 16/46 hp.
You barely miss Ijyb.
Ijyb is severely wounded.
* * * LOW HITPOINT WARNING * * *
You feel very sick. Ijyb hits you with a dagger of venom.
* * * LOW HITPOINT WARNING * * *
You are more poisoned.
You take 4 damage, and have 12/46 hp.
You hit Ijyb but do no damage.
Ijyb is severely wounded.
* * * LOW HITPOINT WARNING * * *
You feel very sick.
Ijyb zaps a wand.
You turn into a filthy swine.
Your +0 war axe melds into your body.
Your +0 scale mail melds into your body.
You take 2 damage, and have 10/46 hp.
MP restored: 7 You hit Ijyb.
Ijyb is severely wounded.
* * * LOW HITPOINT WARNING * * *
You feel sick. Ijyb hits you with a dagger of venom.
* * * LOW HITPOINT WARNING * * *
You are more poisoned.
You take 5 damage, and have 5/46 hp.
You hit Ijyb but do no damage.
Ijyb is severely wounded.
* * * LOW HITPOINT WARNING * * *
You feel very sick.
Ijyb zaps a wand.
You take 3 damage, and have 2/46 hp.
You hit Ijyb.
Ijyb is severely wounded.
You die...

#...##y##...#
#....###....#
#...........# ..
#.........# #...
##.......###.#...
####.####.#....
#.##......#
#)##......###
#hgo........#
######...#.#.#
#............#
#.####...#.#.#
#.# #.# #........
#.# ##.##
#..####.# #.#
##...###..####.#
#.#
##.###.##....##.#
##.######.##
##.#.##.##.#


You could see Ijyb and an orc.

Vanquished Creatures
  The ghost of Tiamon the Chopper, an amateur HOFi of Beogh (D:3)
  3 adders
  An ooze (D:1)
  3 worms
  A leopard gecko (D:2)
  4 orcs (D:3)
  2 ball pythons
  A giant cockroach (D:1)
  6 goblins
  10 hobgoblins
  A jackal (D:2)
  6 kobolds
  A quokka (D:2)
  5 bats
  3 frilled lizards
  9 rats
57 creatures vanquished.

Notes
Turn   | Place    | Note
-------+----------+-------------------------------------------
     0 | Abyss:1  | Monsterracer the Hill Orc Abyssal Knight began the quest for the Orb.
     0 | Abyss:1  | Reached XP level 1. HP: 19/19 MP: 2/2
     9 | D:1      | Escaped the Abyss
    20 | D:1      | Reached skill level 3 in Axes
   176 | D:1      | Reached XP level 2. HP: 22/26 MP: 3/3
   366 | D:1      | Reached skill level 4 in Axes
   850 | D:2      | Reached XP level 3. HP: 27/31 MP: 4/4
  1151 | D:2      | Reached skill level 5 in Axes
  1170 | D:2      | Reached ** piety under Lugonu
  1254 | D:2      | Reached XP level 4. HP: 39/39 MP: 5/5
  1895 | D:3      | Reached skill level 6 in Axes
  2139 | D:3      | Noticed a moth of wrath
  2142 | D:3      | Found a bloodstained altar of Trog.
  2264 | D:3      | Noticed Tiamon's ghost (amateur HOFi)
  2269 | D:3      | HP: 18/40 [Tiamon's ghost (6)]
  2270 | D:3      | HP: 6/40 [Tiamon's ghost (12)]
  2277 | D:3      | Noticed Ijyb
  2278 | D:3      | HP: 14/60 [Tiamon's ghost (5)]
  2280 | D:3      | HP: 6/60 [Tiamon's ghost (5)]
  2285 | D:3      | HP: 22/60 [Tiamon's ghost (9)]
  2286 | D:3      | Killed Tiamon's ghost
  2286 | D:3      | Reached XP level 5. HP: 25/46 MP: 5/7
  2294 | D:3      | HP: 17/46 [poisoned by Ijyb]
  2299 | D:3      | HP: 20/46 [poisoned by Ijyb]
  2304 | D:3      | HP: 8/46 [poisoned by Ijyb]
  2305 | D:3      | HP: 2/46 [poisoned by Ijyb]
  2306 | D:3      | Succumbed to Ijyb's poison

Skill      XL: |  1  2  3  4 |
---------------+-------------+-----
Axes           | 3 4 5 6 |  6.7
Fighting       | 4 |  4.0
Invocations    | 3 |  3.1
Armour         | |  2.7
Dodging        | |  0.7

Action                   |  1- 3 |  4- 6 || total
-------------------------+-------+-------++-------
Melee: Hand axe          |   104 |    34 ||   138
       War axe           |       |    47 ||    47
       Unarmed           |       |     3 ||     3
  Use: Potion            |       |     5 ||     5
  Eat: Chunk             |     1 |     3 ||     4
Armor: Leather armour    |    16 |       ||    16
       Scale mail        |    18 |    19 ||    37
       Skin              |       |    14 ||    14
Dodge: Dodged            |    46 |    17 ||    63

Vault maps used:
D:1:      saegor_arrival_simple_f
D:2:      minmay_tetromino_s4
D:3:      tgw_trog, chequers_ecumenical_altar_simple_redux, uniq_natasha,
          uniq_ijyb
